 Dungeon Crawl Stone Soup version 0.23.2-30-g0e89c35649 (webtiles) character file.

Game seed: 7838771322850624546

51 funkygono the Skirmisher (level 4, -2/37 HPs)
             Began as a Formicid Abyssal Knight on June 16, 2019.
             Was a Believer of Lugonu.
             Slain by a black bear (3 damage)
             ... on level 2 of the Dungeon.
             The game lasted 00:03:44 (1551 turns).

funkygono the Skirmisher (Formicid Abyssal Knight)  Turns: 1551, Time: 00:03:45

Health: -2/37      AC:  5    Str: 18    XL:     4   Next: 5%
Magic:  5/5        EV: 12    Int: 11    God:    Lugonu [**....]
Gold:   59         SH:  0    Dex: 10    Spells: 3/3 levels left

rFire    + . .     SeeInvis +   n - -1 whip (curse)
rCold    x . .     Gourm    .   (no shield)
rNeg     . . .     Faith    .   j - +0 ring mail (curse)
rPois    .         Spirit   .   (helmet unavailable)
rElec    .         Reflect  .   (no cloak)
rCorr    .         Harm     .   (no gloves)
MR       .....                  (no boots)
Stlth    ..........             (no amulet)
HPRegen  0.12/turn              d - ring of fire
MPRegen  0.09/turn              f - +2 ring of evasion

@: no status effects
A: permanent stasis, dig shafts and tunnels, four strong arms, antennae 3
a: Dig, Shaft Self, Depart the Abyss, Bend Space, Renounce Religion


You were on level 2 of the Dungeon.
You worshipped Lugonu.
Lugonu was pleased with you.
You were not hungry.

You visited 1 branch of the dungeon, and saw 2 of its levels.
You visited the Abyss 1 time.

You collected 59 gold pieces.

Inventory:

Hand Weapons
 a - a +2 mace
 n - a cursed -1 whip (weapon)
Missiles
 e - 24 stones (quivered)
Armour
 b - a +0 leather armour
 j - a cursed +0 ring mail (worn)
Jewellery
 d - a ring of fire (left hand)
 f - a +2 ring of evasion (right hand)
Scrolls
 g - a scroll of random uselessness {unknown}
Potions
 h - a potion of heal wounds
 i - a potion of curing {unknown}
 l - a potion of agility {unknown}
 m - a potion of flight {unknown}
Comestibles
 c - 3 rations
 k - 4 chunks of flesh


   Skills:
 * Level 4.2 Fighting
 + Level 2.5 Maces & Flails
 * Level 2.8 Armour
 + Level 1.0 Dodging
 + Level 2.2 Invocations


You had 3 spell levels left.
You didn't know any spells.
Your spell library was empty.

Dungeon Overview and Level Annotations

Branches:
Dungeon (2/15)

Altars:


Innate Abilities, Weirdness & Mutations

You cannot be hasted, slowed, berserked, paralysed or teleported.
You can dig through walls and to a lower floor.
Your four strong arms can wield two-handed weapons with a shield.
You have a pair of large antennae on your head. (SInv)


Message History

The black bear closely misses you.
The black bear claws you but does no damage.
You hit the black bear but do no damage.
The black bear is heavily wounded.
The black bear closely misses you.
The black bear claws you but does no damage.
The black bear barely misses you.
You hit the black bear.
The black bear is severely wounded.
The black bear closely misses you. The black bear barely misses you.
The black bear closely misses you.
You hit the black bear but do no damage.
The black bear is severely wounded.
The black bear misses you. The black bear claws you.
* * * LOW HITPOINT WARNING * * *
The black bear claws you but does no damage.
You barely miss the black bear.
The black bear is severely wounded.
The black bear bites you.
You die...

#.## #..########
#.........## ##
##.#####... .# #.# #..#
.# #.# #[. .# #.# #.# .#
#.# #h# .# #.# #@# ##
#.#####.######.
##########......รท.......
.............<...#######
##################


You could see a black bear.

Vanquished Creatures
  An ooze (D:1)
  3 dart slugs
  4 giant cockroaches
  5 goblins
  4 hobgoblins
  3 jackals (D:1)
  4 bats
  2 frilled lizards (D:1)
  6 kobolds
  2 rats (D:1)
34 creatures vanquished.

Notes
Turn   | Place    | Note
-------+----------+-------------------------------------------
     0 | Abyss:1  | funkygono the Formicid Abyssal Knight began the quest for
                  | the Orb.
     0 | Abyss:1  | Reached XP level 1. HP: 18/18 MP: 2/2
    33 | D:1      | Escaped the Abyss
    51 | D:1      | Reached XP level 2. HP: 9/25 MP: 3/3
   611 | D:1      | Reached skill level 4 in Fighting
   652 | D:1      | Reached XP level 3. HP: 26/30 MP: 4/4
   717 | D:1      | Reached ** piety under Lugonu
   893 | D:1      | Reached skill level 1 in Dodging
  1356 | D:2      | Reached XP level 4. HP: 31/37 MP: 5/5
  1528 | D:2      | Noticed a black bear
  1550 | D:2      | HP: 1/37 [black bear (1)]
  1551 | D:2      | Slain by a black bear

Skill      XL: |  1  2  3 |
---------------+----------+-----
Fighting       | 4 |  4.2
Dodging        | 1 |  1.0
Maces & Flails | |  2.5
Armour         | |  2.8
Invocations    | |  2.2

Action                   |  1- 3 |  4- 6 || total
-------------------------+-------+-------++-------
Melee: Mace              |    42 |       ||    42
       Whip              |   103 |    22 ||   125
  Use: Scroll            |     4 |       ||     4
  Eat: Chunk             |     2 |       ||     2
Armor: Leather armour    |    15 |       ||    15
       Ring mail         |    66 |    19 ||    85
Dodge: Dodged            |   111 |    26 ||   137
